 Dungeon Crawl Stone Soup version 0.28-a0-21-gf74fda84f9 (webtiles) character file.

Game seed: 1693460711146529939

7307 Zonian the Destroyer (level 11, -3/81 HPs)
             Began as a Gnoll Conjurer on July 27, 2021.
             Was an Initiate of Gozag.
             Slain by a salamander (12 damage)
             ... on level 2 of the Lair of Beasts.
             The game lasted 00:27:33 (15553 turns).

Zonian the Destroyer (Gnoll Conjurer)              Turns: 15553, Time: 00:27:35

Health: -3/81      AC: 14    Str: 19    XL:     11   Next: 13%
Magic:  19/22      EV: 14    Int: 19    God:    Gozag
Gold:   536        SH:  0    Dex: 12    Spells: 9/25 levels left

rFire   . . .      SeeInvis .   h - +4 short sword (protect)
rCold   . . .      Faith    .   (no shield)
rNeg    . . .      Spirit   .   I - +1 leather armour {rPois}
rPois   +          Reflect  .   P - +0 helmet "Pakoivu" {rElec}
rElec   +          Harm     .   (no cloak)
rCorr   .          Rampage  .   C - +0 pair of gloves
Will    .....                   (no boots)
Stlth   +++.......              c - amulet of magic regeneration
HPRegen 0.23/turn               x - +6 ring of strength
MPRegen 0.43/turn               M - +6 ring of strength

@: under a protective aura
A: fangs 1, strong nose, distributed training
a: Renounce Religion, Potion Petition, Call Merchant, Bribe Branch


You were on level 2 of the Lair of Beasts.
You worshipped Gozag.
Gozag was pleased with you.
You visited 2 branches of the dungeon, and saw 10 of its levels.
You also visited: Sewer.

You collected 1167 gold pieces.
You spent 125 gold pieces at shops.
You paid 506 gold pieces to Gozag.

Inventory:

Hand Weapons
 e - a +0 dagger
 g - a +0 rapier
 h - a +4 short sword of protection (weapon)
 j - a +2 hunting sling of flaming
 l - a +2 dagger of speed
 n - a +1 vampiric short sword
 H - a +2 long sword of venom
Missiles
 E - 4 poisoned darts
 F - a throwing net
Armour
 a - a +1 robe
 C - a +0 pair of gloves (worn)
 D - a +0 helmet
 I - a +1 leather armour of poison resistance (worn)
 P - the +0 helmet "Pakoivu" (worn) {rElec}
   (You found it on level 1 of the Lair of Beasts)

   rElec:     It insulates you from electricity.
Magical Staves
 k - a staff of earth
 B - a staff of earth
 N - a staff of poison
Jewellery
 c - an amulet of magic regeneration (around neck)
 m - an amulet of reflection
 x - a +6 ring of strength (left hand)
 K - a ring of fire
 M - a +6 ring of strength (right hand)
Wands
 f - a wand of charming (3)
 w - a wand of mindburst (14)
 z - a wand of iceblast (24)
 L - a wand of acid (9)
Scrolls
 d - a scroll of vulnerability
 q - 4 scrolls of teleportation
 r - 2 scrolls of amnesia
 y - a scroll of summoning
 J - 4 scrolls of identify
Potions
 b - 5 potions of might
 i - 4 potions of curing
 o - a potion of haste
 p - a potion of degeneration
 s - a potion of brilliance
 t - 2 potions of cancellation
 u - a potion of mutation
 v - 2 potions of magic
 A - a potion of ambrosia {unknown}
 G - a potion of lignification
 O - 2 potions of flight {unknown}


   Skills:
 + Level 6.0 Fighting
 + Level 6.0 Short Blades
 + Level 6.0 Long Blades
 + Level 6.0 Axes
 + Level 6.0 Maces & Flails
 + Level 6.0 Polearms
 + Level 6.0 Staves
 + Level 6.0 Slings
 + Level 6.0 Bows
 + Level 6.0 Crossbows
 + Level 6.0 Throwing
 + Level 6.0 Armour
 + Level 7.6 Dodging
 + Level 7.4 Stealth
 + Level 6.0 Shields
 + Level 6.0 Unarmed Combat
 + Level 7.9 Spellcasting
 + Level 8.8 Conjurations
 + Level 4.9 Hexes
 + Level 4.9 Summonings
 + Level 4.9 Necromancy
 + Level 4.9 Translocations
 + Level 4.9 Transmutations
 + Level 4.9 Fire Magic
 + Level 4.9 Ice Magic
 + Level 4.9 Air Magic
 + Level 4.9 Earth Magic
 + Level 4.9 Poison Magic
 + Level 6.5 Invocations
 + Level 6.0 Evocations


You had 9 spell levels left.
You knew the following spells:

 Your Spells              Type           Power      Damage    Failure   Level
a - Magic Dart            Conj           100%       1d8       1%          1
b - Searing Ray           Conj           82%        3d6       1%          2
c - Dazzling Flash        Conj/Hex       66%        N/A       1%          3
d - Iskenderun's Mystic   Conj/Tloc      33%        2d8       6%          4
e - Mephitic Cloud        Conj/Pois/Air  31%        N/A       2%          3
f - Ignite Poison         Fire/Tmut/Pois 26%        N/A       4%          3

Your spell library contained the following spells:

 Spells                   Type           Power      Damage    Failure   Level
 Fulminant Prism          Conj/Hex       16%        3d11      6%          4
 Bolt of Magma            Conj/Fire/Erth 15%        4d9       22%         5


Dungeon Overview and Level Annotations

Branches:
Dungeon (8/15)             Temple (0/1) D:7            Lair (2/6) D:8
  Sewer (visited)
  Swamp: Lair:2-4    Shoals: Lair:2-4     Snake: Lair:2-4    Spider: Lair:2-4

Altars:
Ashenzari
Elyvilon
Fedhas
Gozag
Hepliaklqana
Uskayaw
Wu Jian
Yredelemnul

Shops:
D:6 [


Innate Abilities, Weirdness & Mutations

You have very sharp teeth.
Your uncanny sense of smell can sniff out nearby items.
Your experience applies equally to all skills.


Message History

You bite the salamander.
The salamander is heavily wounded.
The salamander completely misses you.
You hit the salamander.
You bite the salamander, but do no damage.
The salamander is heavily wounded.
The salamander hits you with a +0 trident!
You are engulfed in flames!
You barely miss the salamander.
The salamander is heavily wounded.
The salamander hits you with a +0 trident!
You are engulfed in flames!
You hit the salamander.
The salamander is severely wounded.
The salamander hits you with a +0 trident.
You are engulfed in flames!
Unknown command.
Casting: Searing Ray (safe; 1% risk of failure)
Confirm with . or Enter, or press ? or * to list all spells.
Aiming: Searing Ray (safe; 1% risk of failure)
Press: ? - help, Shift-Dir - straight line, f - salamander
Aim: a salamander, wielding a +0 trident (lava, severely wounded, 89% to hit)
The searing ray hits the salamander.
The salamander is severely wounded. (Press . to maintain the ray.)
The salamander closely misses you.
The searing ray hits the salamander.
The salamander is almost dead.
The salamander hits you with a +0 trident!
* * * LOW HITPOINT WARNING * * *
You are engulfed in flames!
* * * LOW HITPOINT WARNING * * *
Unknown command.
The searing ray hits the salamander!
The salamander is almost dead.
The salamander hits you with a +0 trident.
* * * LOW HITPOINT WARNING * * *
You are engulfed in flames!
You die...
Your body crumbles into a pile of gold.

.....## .#....# ###
..§...# ##.. ... §§≈≈≈§#
P.≈≈ ≈.§P §≈#S≈.# #.§≈
§§§.# ≈###≈.# #.≈§
#§≈..# §≈#§§.#
#.§###§≈≈... ≈≈≈§§.#
###.≈§§N§≈≈... ......#
###.....@§§.....
..##..###..............#
..# ###................#
..# ##..............#
..# #..............#
..## #..............#
...# ##...............
..## #P..............#
...# ##..............


You could see a salamander.

Vanquished Creatures
  A hydra (Lair:1)
  A black mamba (Lair:1)
  A rime drake (Lair:1)
  4 blink frogs
  Prince Ribbit (D:5)
  8 yaks
  3 wyverns (D:8)
  A steam dragon (D:8)
  5 water moccasins
  Duvessa (D:5)
  2 black bears
  3 ice beasts
  3 sky beasts
  4 ogres
  2 centaurs
  2 kobold brigands (Sewer)
  A scorpion (D:4)
  4 bullfrogs
  Dowan (D:5)
  A water moccasin skeleton (D:5)
  2 howler monkeys (D:7)
  A bullfrog zombie (D:7)
  4 hounds
  An orc priest (D:6)
  5 centaur skeletons
  Ijyb (D:5)
  5 iguanas
  4 orc wizards (D:7)
  5 gnolls
  9 adders
  A river rat (D:5)
  2 white imps
  An ufetubus (D:6)
  3 dart slugs
  4 worms
  12 orcs
  3 endoplasms
  6 giant cockroaches
  9 hobgoblins
  16 jackals
  7 quokkas
  10 ball pythons
  11 bats
  6 frilled lizards
  6 goblins
  18 kobolds
  9 rats
210 creatures vanquished.

Vanquished Creatures (collateral kills)
  A kobold brigand (Sewer)
  A kobold (Sewer)
2 creatures vanquished.

Vanquished Creatures (others)
  2 bushes (D:8)
  5 fungi
  39 plants
46 creatures vanquished.

Grand Total: 258 creatures vanquished

Notes
Turn   | Place    | Note
-------+----------+-------------------------------------------
     0 | D:1      | Zonian the Gnoll Conjurer began the quest for the Orb.
     0 | D:1      | Reached XP level 1. HP: 13/13 MP: 6/6
   109 | D:1      | Reached XP level 2. HP: 9/19 MP: 0/7
   374 | D:1      | Learned a level 2 spell: Searing Ray
   723 | D:1      | Reached XP level 3. HP: 17/25 MP: 5/9
   960 | D:1      | Reached skill level 5 in Spellcasting
  1204 | D:1      | Reached skill level 1 in Invocations
  1582 | D:2      | Reached skill level 1 in Fighting
  1582 | D:2      | Reached skill level 1 in Short Blades
  1582 | D:2      | Reached skill level 1 in Long Blades
  1582 | D:2      | Reached skill level 1 in Axes
  1582 | D:2      | Reached skill level 1 in Maces & Flails
  1582 | D:2      | Reached skill level 1 in Polearms
  1582 | D:2      | Reached skill level 1 in Staves
  1582 | D:2      | Reached skill level 1 in Slings
  1582 | D:2      | Reached skill level 1 in Bows
  1582 | D:2      | Reached skill level 1 in Crossbows
  1582 | D:2      | Reached skill level 1 in Throwing
  1582 | D:2      | Reached skill level 1 in Armour
  1582 | D:2      | Reached skill level 1 in Shields
  1582 | D:2      | Reached skill level 1 in Unarmed Combat
  1582 | D:2      | Reached skill level 1 in Evocations
  1738 | D:2      | Reached XP level 4. HP: 32/32 MP: 8/11
  2624 | D:2      | Reached skill level 1 in Hexes
  2624 | D:2      | Reached skill level 1 in Summonings
  2624 | D:2      | Reached skill level 1 in Necromancy
  2624 | D:2      | Reached skill level 1 in Translocations
  2624 | D:2      | Reached skill level 1 in Transmutations
  2624 | D:2      | Reached skill level 1 in Fire Magic
  2624 | D:2      | Reached skill level 1 in Ice Magic
  2624 | D:2      | Reached skill level 1 in Air Magic
  2624 | D:2      | Reached skill level 1 in Earth Magic
  2624 | D:2      | Reached skill level 1 in Poison Magic
  2845 | D:2      | Found a broken altar of Ashenzari.
  3510 | D:2      | Reached XP level 5. HP: 35/37 MP: 9/12
  3624 | D:3      | Found a white marble altar of Elyvilon.
  3731 | D:3      | Learned a level 3 spell: Dazzling Flash
  4127 | D:3      | Found an ornate altar of the Wu Jian Council.
  4478 | D:4      | Noticed an ice beast
  4492 | D:4      | Killed an ice beast
  4493 | D:4      | Reached XP level 6. HP: 8/44 MP: 2/13
  4773 | D:4      | Noticed a black bear
  4802 | D:4      | Killed a black bear
  4803 | D:4      | Reached skill level 5 in Dodging
  4817 | D:4      | Noticed an ice beast
  4835 | D:4      | Killed an ice beast
  4836 | D:4      | Reached XP level 7. HP: 22/50 MP: 10/15
  5393 | D:4      | Learned a level 4 spell: Iskenderun's Mystic Blast
  5440 | D:4      | You fall into a shaft and drop 3 floors!
  5487 | D:6      | Found Uxte Nau's Antique Armour Boutique.
  5510 | D:6      | Reached skill level 5 in Stealth
  5611 | D:6      | Reached XP level 8. HP: 45/57 MP: 9/16
  6111 | D:5      | Entered Level 5 of the Dungeon
  6140 | D:5      | Found a basalt altar of Yredelemnul.
  6279 | D:5      | Found a glowing drain.
  6283 | Sewer    | Entered a sewer
  8016 | D:5      | Noticed Duvessa
  8016 | D:5      | Noticed Dowan
  8049 | D:5      | Killed Duvessa
  8073 | D:5      | Killed Dowan
  8196 | D:5      | Identified a scroll of acquirement
  8196 | D:5      | Acquired a Trismegistus Codex
  8202 | D:5      | Learned a level 3 spell: Mephitic Cloud
  8206 | D:5      | Learned a level 3 spell: Ignite Poison
  8258 | D:5      | Noticed Prince Ribbit
  8267 | D:5      | Killed Prince Ribbit
  8268 | D:5      | Reached XP level 9. HP: 60/65 MP: 18/18
  8491 | D:5      | Found an opulent altar of Gozag.
  8499 | D:5      | Became a worshipper of Gozag Ym Sagoz the Greedy
  8504 | D:5      | Noticed Ijyb
  8512 | D:5      | Killed Ijyb
  9308 | D:7      | Found a hide-covered altar of Uskayaw.
  9550 | D:7      | Reached skill level 8 in Conjurations
 10173 | D:7      | Found a blossoming altar of Fedhas.
 10301 | D:7      | Found a staircase to the Ecumenical Temple.
 10587 | D:6      | Bought a glowing leather armour for 125 gold pieces
 11136 | D:8      | Reached skill level 5 in Invocations
 11180 | D:8      | Found a staircase to the Lair.
 11547 | D:8      | Reached XP level 10. HP: 55/73 MP: 14/20
 11549 | D:8      | Reached skill level 5 in Fighting
 11549 | D:8      | Reached skill level 5 in Short Blades
 11549 | D:8      | Reached skill level 5 in Long Blades
 11549 | D:8      | Reached skill level 5 in Axes
 11549 | D:8      | Reached skill level 5 in Maces & Flails
 11549 | D:8      | Reached skill level 5 in Polearms
 11549 | D:8      | Reached skill level 5 in Staves
 11549 | D:8      | Reached skill level 5 in Slings
 11549 | D:8      | Reached skill level 5 in Bows
 11549 | D:8      | Reached skill level 5 in Crossbows
 11549 | D:8      | Reached skill level 5 in Throwing
 11549 | D:8      | Reached skill level 5 in Armour
 11549 | D:8      | Reached skill level 5 in Shields
 11549 | D:8      | Reached skill level 5 in Unarmed Combat
 11549 | D:8      | Reached skill level 5 in Evocations
 11883 | D:8      | Found a hazy altar of Hepliaklqana.
 12503 | Lair:1   | Entered Level 1 of the Lair of Beasts
 12654 | Lair:1   | Noticed a seven-headed hydra
 12662 | Lair:1   | HP: 3/74 [seven-headed hydra (7)]
 12667 | Lair:1   | Killed a seven-headed hydra
 13370 | Lair:1   | Noticed a black mamba
 13381 | Lair:1   | Killed a black mamba
 13766 | Lair:1   | Identified the +0 helmet "Pakoivu" {rElec}
 14984 | Lair:2   | Reached XP level 11. HP: 37/81 MP: 19/22
 15540 | Lair:2   | Noticed a salamander
 15553 | Lair:2   | Slain by a salamander

Illustrated notes

Levels and vault maps discovered:
D:1:      dpeg_arrival_line_fractal, layout_basic, minmay_misc_feat_hallway,
          minmay_tromino_v4_c
D:2:      layout_loops_cross, basic_altar, chequers_serial_rivers_room_a,
          minmay_joined_circles
D:3:      layout_loops_ring, nicolae_wu_jian_wuxing_cycle, elyvilon_altar_1
D:4:      layout_cave_pools, xom_butterflies, serial_park, serial_park_square3
          [serial_park_minivault_5x5_5], serial_park_gazebo
          [serial_park_minivault_5x5_5], corexii_hall_statues_t,
          amcnicky_mini_rare_corridor_liquid, uniq_crazy_yiuf_cottage
D:5:      layout_basic, grunt_gozag_statues, mainiacjoe_overflow_boulevard,
          gup_sewer_entry_spiral, uniq_ijyb, uniq_prince_ribbit1, uniq_duvessa
D:6:      layout_rooms, serial_shops, nicolae_square_shop
D:7:      layout_loops_cross, mainiacjoe_overflow_paths,
          fedhas_altar_decomposition, minmay_temple_entry_fiery
D:8:      layout_loops_cross, mainiacjoe_overflow_small_starburst,
          minmay_lair_entry_grove
Lair:1:   layout_cave_pods, special_room
Lair:2:   layout_gridlike, beast_lair_carwin_2, infiniplex_staircase_pool

Skill      XL: |  1  2  3  4  5  6  7  8  9 10 11 |
---------------+----------------------------------+-----
Spellcasting   | 5 6 7 |  7.9
Invocations    | 1 2 3 4 5 6 |  6.5
Fighting       | 1 2 3 4 5 6 |  6.0
Short Blades   | 1 2 3 4 5 6 |  6.0
Long Blades    | 1 2 3 4 5 6 |  6.0
Axes           | 1 2 3 4 5 6 |  6.0
Maces & Flails | 1 2 3 4 5 6 |  6.0
Polearms       | 1 2 3 4 5 6 |  6.0
Staves         | 1 2 3 4 5 6 |  6.0
Slings         | 1 2 3 4 5 6 |  6.0
Bows           | 1 2 3 4 5 6 |  6.0
Crossbows      | 1 2 3 4 5 6 |  6.0
Throwing       | 1 2 3 4 5 6 |  6.0
Armour         | 1 2 3 4 5 6 |  6.0
Shields        | 1 2 3 4 5 6 |  6.0
Unarmed Combat | 1 2 3 4 5 6 |  6.0
Evocations     | 1 2 3 4 5 6 |  6.0
Hexes          | 1 2 3 4 |  4.9
Summonings     | 1 2 3 4 |  4.9
Necromancy     | 1 2 3 4 |  4.9
Translocations | 1 2 3 4 |  4.9
Transmutations | 1 2 3 4 |  4.9
Fire Magic     | 1 2 3 4 |  4.9
Ice Magic      | 1 2 3 4 |  4.9
Air Magic      | 1 2 3 4 |  4.9
Earth Magic    | 1 2 3 4 |  4.9
Poison Magic   | 1 2 3 4 |  4.9
Dodging        | 5 6 7 |  7.6
Stealth        | 5 6 7 |  7.4
Conjurations   | 8 |  8.8

Action                   |  1- 3 |  4- 6 |  7- 9 | 10-12 || total
-------------------------+-------+-------+-------+-------++-------
Melee: Unarmed           |    26 |       |       |       ||    26
       Bite              |     2 |     2 |    14 |    19 ||    37
       Dagger            |     7 |    53 |   142 |       ||   202
       Short sword       |       |     7 |   106 |   138 ||   251
       Punch             |       |       |     1 |     2 ||     3
 Cast: Magic Dart        |    52 |    50 |    89 |    30 ||   221
       Searing Ray       |     4 |    11 |    43 |     9 ||    67
       Iskenderun's Myst |       |       |       |     2 ||     2
Invok: Potion Petition   |       |       |       |     1 ||     1
Evoke: Wand              |       |       |     1 |       ||     1
  Use: Scroll            |       |     5 |    14 |     1 ||    20
       Potion            |       |     1 |     2 |       ||     3
 Stab: Sleeping          |     1 |     8 |     7 |     4 ||    20
Armor: Robe              |    12 |     8 |    65 |       ||    85
       Leather armour    |       |       |    14 |    59 ||    73
Dodge: Dodged            |    53 |    37 |   185 |   155 ||   430

Table legend: (Time is in decaauts)
 A = Elapsed time spent in this place.
 B = Non-inter-level travel time spent in this place.
 C = Inter-level travel time spent in this place.
 D = Time resting spent in this place.
 E = Time spent auto-exploring this place.
 F = Levels seen in this place.
 G = Mean time per level.
                   A        B        C        D        E       F      G
               +--------+--------+--------+--------+--------+-----+--------+
         Total |  15528 |  15130 |    398 |   7612 |   5091 |  11 | 1411.6 |
       Dungeon |  11649 |  11372 |    277 |   5322 |   4247 |   8 | 1456.1 |
          Lair |   3046 |   2926 |    120 |   1747 |    804 |   2 | 1523.0 |
         Sewer |    832 |    832 |      0 |    543 |     39 |   1 |  832.0 |
               +--------+--------+--------+--------+--------+-----+--------+

Top non-repeatable levels by time:
  Lair:1: 2822 daAuts
     D:2: 1997 daAuts
     D:5: 1893 daAuts
     D:7: 1702 daAuts
     D:1: 1564 daAuts
     D:8: 1465 daAuts
     D:6: 1176 daAuts
     D:4: 995 daAuts
     D:3: 854 daAuts
   Sewer: 832 daAuts
  Lair:2: 223 daAuts
